 Dungeon Crawl Stone Soup version 0.21-a0-84-g85d6d27 (webtiles) character file.

115551 grindst0ne the Severer (level 17, -14/122 HPs)
             Began as a Formicid Fighter on June 24, 2017.
             Was the Champion of Makhleb.
             Demolished by Donald
             ... wielding a +4 eveningstar of pain
              (17 damage)
             ... on level 1 of the Spider Nest.
             The game lasted 01:04:26 (29711 turns).

grindst0ne the Severer (Formicid Fighter)          Turns: 29711, Time: 01:04:27

Health: -14/122    AC: 48    Str: 27    XL:     17   Next: 23%
Magic:  40/40      EV:  6    Int: 13    God:    Makhleb [******]
Gold:   622        SH: 14    Dex: 19    Spells: 16/16 levels left

rFire    + + .     SeeInvis +   P - +4 executioner's axe (freeze)
rCold    . . .     Gourm    .   c - +0 shield
rNeg     . . .     Faith    +   E - +19 crystal plate armour "Kustrimoi" {Str+7}
rPois    .         Spirit   .   (helmet unavailable)
rElec    .         Reflect  .   D - scarf {cloud immunity}
rCorr    .         Harm     .   l - +0 pair of gloves
MR       +....     Clarity  +   (no boots)
Stlth    ..........             R - amulet of faith
HPRegen  0.30/turn              Y - ring of Wila {rF++ MP+9 Dex+2}
MPRegen  0.27/turn              r - +4 ring of protection

@: no status effects
A: permanent stasis, dig shafts and tunnels, four strong arms, antennae 3,
hooves 1, thin skeletal structure 1, clarity, clever 1, high mp 1, evolution 1
a: Dig, Shaft Self, Minor Destruction, Lesser Servant of Makhleb, Major
Destruction, Greater Servant of Makhleb, Renounce Religion


You were on level 1 of the Spider Nest.
You worshipped Makhleb.
Makhleb was exalted by your worship.
You were hungry.

You visited 4 branches of the dungeon, and saw 24 of its levels.
You visited the Abyss 1 time.
You also visited: Labyrinth, Sewer, Bailey and Ice Cave.

You collected 2348 gold pieces.
You spent 1726 gold pieces at shops.

Inventory:

Hand Weapons
 P - a +4 executioner's axe of freezing (weapon)
Armour
 b - a +0 large shield of reflection
 c - a +0 shield (worn)
 l - a +0 pair of gloves (worn)
 A - a +0 plate armour
 D - a scarf of cloud immunity (worn)
 E - the +19 crystal plate armour "Kustrimoi" (worn) {Str+7}
   (You acquired it on level 2 of the Orcish Mines)

   It affects your strength (+7).
 K - a +4 chain mail of cold resistance
 S - a +1 chain mail of fire resistance
Jewellery
 o - the ring of Ixea {MP+9 Slay+3}
   (You found it in a labyrinth)

   [ring of magical power]

   It affects your accuracy and damage with ranged weapons and melee attacks
   (+3).
   It affects your magic capacity (+9).
 r - a +4 ring of protection (right hand)
 R - an amulet of faith (around neck)
 T - an uncursed amulet of harm {unknown}
 U - an uncursed amulet of harm {unknown}
 Y - the ring of Wila (left hand) {rF++ MP+9 Dex+2}
   (You found it in a labyrinth)

   [ring of magical power]

   It affects your dexterity (+2).
   It greatly protects you from fire.
   It affects your magic capacity (+9).
Wands
 a - a wand of disintegration (5/24)
 g - a wand of flame (8/48)
 s - a wand of lightning (7/15)
 I - a wand of confusion (23/48)
 L - a wand of disintegration (3/24)
Scrolls
 i - 3 scrolls of remove curse
 n - 7 scrolls of enchant armour
 p - a scroll of vulnerability {unknown}
 y - 3 scrolls of amnesia
 B - 5 scrolls of recharging
 H - a scroll of fog
 M - a scroll of brand weapon {unknown}
 N - 2 scrolls of magic mapping
 Q - a scroll of holy word
Potions
 d - 2 potions of cancellation
 j - 2 potions of flight
 m - 2 potions of brilliance
 u - 3 potions of ambrosia
 w - 6 potions of magic
 x - 6 potions of might
 z - a potion of lignification
 C - 2 potions of heal wounds
 F - 4 potions of curing
 J - 7 potions of mutation
 Z - 2 potions of resistance
Books
 W - a book of the Tempests

   Spells                             Type                      Level
   a - Static Discharge               Conjuration/Air              3
   b - Lightning Bolt                 Conjuration/Air              5
   c - Ignition                       Fire                         8
   d - Tornado                        Air                          9
   e - Shatter                        Earth                        9
Miscellaneous
 e - a box of beasts
 q - a phial of floods
 v - a sack of spiders
 G - a fan of gales
 V - a lightning rod (4/4)
Comestibles
 f - 9 bread rations
 h - 11 royal jellies
 k - 10 meat rations
 t - 27 fruits
 O - 4 chunks of flesh


   Skills:
 - Level 8.3 Fighting
 + Level 17.0 Axes
 - Level 15.0 Armour
 + Level 11.9 Shields
 + Level 15.7 Invocations
 - Level 7.0 Evocations


You had 16 spell levels left.
You didn't know any spells.

Dungeon Overview and Level Annotations

Branches:
Dungeon (15/15)            Temple (0/1) D:7            Lair (6/6) D:8
 Shoals (0/4) Lair:4       Spider (1/4) Lair:3        Slime (0/5) Lair:6
    Orc (2/2) D:9             Elf (0/3) Orc:2        Vaults (0/5) D:14
 Depths (0/5) D:15

Altars:
Cheibriados
Fedhas
Kikubaaqudgha
Makhleb
Qazlal
Ru
Uskayaw
Xom
Jiyva

Shops:
D:7 *   D:8 *   D:9 }   D:10 :   Orc:2 [(!*

Annotations:
D:6 exclusion: oklob plant
Spider:1 Donald


Innate Abilities, Weirdness & Mutations

You cannot be hasted, slowed, berserked, paralysed or teleported.
You can dig through walls and to a lower floor.
Your four strong arms can wield two-handed weapons with a shield.
You have a pair of large antennae on your head. (SInv)
You have large cloven feet.
You have a somewhat thin skeletal structure. (Dex +2, Stealth)
You possess an exceptional clarity of mind.
Your mind is acute. (Int +2)
You have an increased reservoir of magic. (+10% MP)
You evolve.


Message History

* * * LOW HITPOINT WARNING * * *
You feel much better.
Your smoke demon gestures at Donald.
The sticky flame hits Donald.
Donald appears unharmed.
Donald is covered in liquid flames!
Donald hits you with an eveningstar of pain.
You writhe in agony.
Donald blocks your smoke demon's attack. x3
You hit Donald but do no damage. You kick Donald, but do no damage.
Donald burns!
Your neqoxec disappears in a puff of smoke!
Your white imp disappears in a puff of smoke!
Your iron imp disappears in a puff of smoke!
Donald says, "This is such a pointless quest."
Donald hits you with an eveningstar of pain!!
* * * LOW HITPOINT WARNING * * *
You writhe in agony.
* * * LOW HITPOINT WARNING * * *
Donald hits you with an eveningstar of pain!
You die...

#.# ##.........## ##.###.. #.##
#...........### #.## #.#
##.####.............####.# #.#
##................##.....####.#
##.######.......^..#####....##.#
##^## #..........# #....#..# #.##
#..^.......# ##..###..# ..#
##..........####..#...... ..# ###
#.##....@.##.#..####..###
..###.###.###...@##...#### ##.# #
.###...#.## #..33........####.###
.##.......###.##.§.........###.##
...........^..#.§............#..#
............#....................
###...####.....#§................
####.# ####.##>................
.# ####.................


You could see Donald (burning) and 2 friendly smoke demons.

Vanquished Creatures
  Louise (D:15)
  A reaper (IceCv)
  Azrael (Orc:2)
  A fire dragon (D:15)
  Harold (D:11)
  Erica (D:9)
  Erolcha (D:12)
  An ice dragon (D:15)
  6 hydras
  6 death yaks (Lair:5)
  3 centaur warriors
  9 two-headed ogres
  4 tengu warriors (D:15)
  Urug (Lair:2)
  3 orc high priests (Orc:2)
  Nergalle (Lair:2)
  Sonja (Lair:4)
  A skeletal warrior (D:14)
  2 unseen horrors (D:13)
  A sea snake (Lair:6)
  A harpy (Lair:6)
  4 lindwurms (Lair:3)
  A wolf spider zombie (D:15)
  5 orc knights
  A deep elf mage (D:14)
  2 orb spiders (Spider:1)
  A cyclops (D:13)
  2 ugly things (D:13)
  6 orc sorcerers
  2 wolf spiders (Spider:1)
  2 manticores
  18 elephants (Lair:6)
  Joseph (D:9)
  A merfolk siren (Lair:4)
  4 centaur zombies
  A black mamba (Lair:1)
  6 centaur skeletons
  A gargoyle (D:14)
  14 spiny frogs
  2 ice statues (IceCv)
  A kobold demonologist (D:14)
  5 yaktaurs (D:14)
  6 rime drakes
  10 ice devils (IceCv)
  2 demonic crawlers
  12 komodo dragons
  4 polar bears
  A tengu conjurer (D:13)
  2 jumping spiders (Spider:1)
  2 wind drakes (Lair:6)
  5 trolls
  Grinder (D:4)
  2 hornets (Lair:6)
  A polar bear (shapeshifter) (D:13)
  12 dream sheep (Lair:6)
  7 hippogriffs
  22 blink frogs
  A meliai zombie (D:14)
  7 redbacks
  Sigmund (D:2)
  4 water elementals (D:12)
  2 vampires
  A wraith (D:15)
  4 wyverns
  37 yaks
  A basilisk (D:14)
  7 hungry ghosts
  A fire elemental (Orc:1)
  5 vampire mosquitoes
  A steam dragon (D:14)
  Menkaure (D:5)
  Edmund (D:4)
  16 water moccasins
  3 acid dragons
  5 hell hounds
  7 porcupines
  27 orc warriors
  6 phantoms
  2 ice beasts
  4 sky beasts
  A black bear (D:11)
  7 ogres
  2 eyes of draining
  6 wolves
  11 centaurs
  10 crocodiles
  3 big kobolds (D:14)
  19 bullfrogs
  A gnoll sergeant (D:12)
  2 wyvern skeletons
  12 scorpions
  18 killer bees
  6 howler monkeys
  12 wights
  8 electric eels
  7 jellies
  11 crimson imps
  A bullfrog zombie (D:11)
  14 orc priests
  3 hounds
  Crazy Yiuf (D:2)
  Natasha (twice) (D:3)
  Terence (D:2)
  3 iguanas
  29 orc wizards
  10 worker ants
  Ijyb (D:4)
  A worker ant zombie (D:7)
  Robin (D:2)
  19 gnolls
  23 adders
  2 howler monkey skeletons
  6 river rats
  5 shadow imps
  8 white imps (IceCv)
  7 ufetubi (IceCv)
  2 oozes
  An adder zombie (D:9)
  7 worms
  4 dart slugs
  6 leopard geckos
  86 orcs
  14 ball pythons
  5 giant cockroaches
  17 goblins
  24 hobgoblins
  6 jackals (D:2)
  3 quokkas
  13 bats
  5 frilled lizards
  A jackal zombie (D:5)
  17 kobolds
  A leopard gecko skeleton (D:7)
  A leopard gecko zombie (D:5)
  2 quokka skeletons
  44 rats
  6 fungi
  4 plants
902 creatures vanquished.

Vanquished Creatures (collateral kills)
  Rupert (D:12)
  The ghost of wazuzu the Slicer, a journeyman HaHu of Cheibriados (Orc:2)
  A minotaur (Lab)
  A hydra (Lair:6)
  A merfolk avatar (Lair:6)
  A cyclops (D:12)
  2 komodo dragons (Lair:6)
  A polar bear (Lair:6)
  A basilisk (Lair:6)
  A water moccasin (Lair:6)
  A centaur (D:15)
  A shadow imp (D:12)
  An orc (Orc:2)
14 creatures vanquished.

Vanquished Creatures (others)
  3 white imps (IceCv)
  An ufetubus (IceCv)
  A bush (Lair:5)
  11 fungi
  48 plants
  6 starspawn tentacles (Abyss:3)
70 creatures vanquished.

Grand Total: 986 creatures vanquished

Notes
Turn   | Place    | Note
-------+----------+-------------------------------------------
     0 | D:1      | grindst0ne the Formicid Fighter began the quest for the Orb.
     0 | D:1      | Reached XP level 1. HP: 18/18 MP: 1/1
    96 | D:1      | Reached XP level 2. HP: 24/24 MP: 2/2
   416 | D:1      | Reached XP level 3. HP: 29/29 MP: 3/3
   874 | D:2      | Reached XP level 4. HP: 30/37 MP: 4/4
   879 | D:2      | Noticed Sigmund
   881 | D:2      | Noticed Robin
   895 | D:2      | Killed Sigmund
   895 | D:2      | Reached skill level 3 in Axes
   895 | D:2      | Reached XP level 5. HP: 26/43 MP: 5/5
   895 | D:2      | Reached XP level 6. HP: 30/49 MP: 6/6
   897 | D:2      | Killed Robin
  1402 | D:2      | Found an ancient bone altar of Kikubaaqudgha.
  1428 | D:2      | Noticed Terence
  1432 | D:2      | Killed Terence
  1432 | D:2      | Reached skill level 5 in Shields
  1516 | D:2      | Found a runed door.
  1657 | D:2      | Found a snail-covered altar of Cheibriados.
  1828 | D:2      | Noticed Crazy Yiuf
  1833 | D:2      | Killed Crazy Yiuf
  2218 | D:3      | Noticed a sky beast
  2230 | D:3      | Killed a sky beast
  2230 | D:3      | Reached skill level 5 in Armour
  2230 | D:3      | Reached XP level 7. HP: 55/55 MP: 7/7
  2250 | D:3      | Reached skill level 4 in Axes
  2341 | D:3      | Reached skill level 5 in Fighting
  2504 | D:3      | Noticed Natasha
  2516 | D:3      | Killed Natasha
  2590 | D:3      | Found a hide-covered altar of Uskayaw.
  2952 | D:3      | Noticed Natasha
  2963 | D:3      | Killed Natasha
  3685 | D:4      | Noticed Ijyb
  3702 | D:4      | Killed Ijyb
  3830 | D:4      | Noticed Edmund
  3859 | D:4      | Gained mutation: You evolve. [potion of mutation]
  3859 | D:4      | Gained mutation: You have an increased reservoir of magic. (+10% MP) [potion of mutation]
  3885 | D:4      | Killed Edmund
  3885 | D:4      | Reached XP level 8. HP: 20/64 MP: 8/8
  4390 | D:4      | Noticed Grinder
  4404 | D:4      | Killed Grinder
  4804 | D:4      | Found a stormy altar of Qazlal.
  4810 | D:4      | Reached skill level 5 in Axes
  5021 | D:4      | Found a burning altar of Makhleb.
  5029 | D:4      | Became a worshipper of Makhleb the Destroyer
  5059 | D:5      | Entered Level 5 of the Dungeon
  5066 | D:5      | Gained mutation: You have a somewhat thin skeletal structure. (Dex +2, Stealth) [evolution]
  5124 | D:5      | Noticed a two-headed ogre
  5132 | D:5      | Killed a two-headed ogre
  5132 | D:5      | Reached skill level 6 in Axes
  5132 | D:5      | Reached XP level 9. HP: 45/72 MP: 9/9
  5359 | D:5      | Found a glowing drain.
  5365 | Sewer    | Entered a sewer
  5608 | Sewer    | Reached * piety under Makhleb
  5841 | Sewer    | Reached ** piety under Makhleb
  6101 | D:5      | Noticed Menkaure
  6108 | D:5      | Killed Menkaure
  6311 | D:6      | Found a shimmering altar of Xom.
  6340 | D:6      | Found a sacrificial altar of Ru.
  6393 | D:6      | Reached XP level 10. HP: 57/80 MP: 11/11
  6542 | D:6      | Reached skill level 7 in Axes
  6542 | D:6      | Reached skill level 1 in Invocations
  6542 | D:6      | Reached skill level 1 in Evocations
  6777 | D:6      | Found a blossoming altar of Fedhas.
  6799 | D:6      | Noticed an oklob plant
  7106 | D:7      | Found a staircase to the Ecumenical Temple.
  7127 | D:7      | Found Ufialuet's Assorted Antiques.
  7130 | D:7      | Bought a warped war axe for 178 gold pieces
  7131 | D:7      | Identified the +8 war axe of Suicidal Tendencies {chop, *Drain rElec rN+ Dex+8} (You bought it in a shop on level 7 of the Dungeon)
  7196 | D:7      | Found a flagged portal.
  7206 | Bailey   | Entered a bailey
  7261 | Bailey   | Reached *** piety under Makhleb
  7838 | D:7      | Reached skill level 8 in Axes
  8154 | D:7      | Reached **** piety under Makhleb
  8333 | D:8      | Found a staircase to the Lair.
  8745 | D:8      | Found Haluumyu's General Store.
  8750 | D:8      | Bought a scroll of enchant weapon for 112 gold pieces
  8768 | D:8      | Reached skill level 5 in Invocations
  8887 | D:8      | Noticed a two-headed ogre
  8898 | D:8      | Killed a two-headed ogre
  8898 | D:8      | Reached skill level 5 in Evocations
  8898 | D:8      | Reached XP level 11. HP: 29/86 MP: 16/16
  9599 | D:9      | Noticed Joseph
  9611 | D:9      | Killed Joseph
  9611 | D:9      | Reached skill level 9 in Axes
  9739 | D:9      | Noticed Erica
  9753 | D:9      | Killed Erica
  9997 | D:9      | Reached ***** piety under Makhleb
 10016 | D:9      | Found a staircase to the Orcish Mines.
 10092 | D:9      | Found Lisisiet's Gadget Emporium.
 10111 | D:9      | Bought a wand of disintegration (4/24) for 96 gold pieces
 10367 | D:10     | Entered Level 10 of the Dungeon
 10592 | D:10     | Found Hieheptu's Book Shoppe.
 10608 | D:10     | Reached skill level 10 in Axes
 10872 | Lair:1   | Entered Level 1 of the Lair of Beasts
 10935 | Lair:1   | Reached XP level 12. HP: 68/93 MP: 20/20
 10960 | Lair:1   | Found a labyrinth entrance.
 10969 | Lab      | Entered a labyrinth
 11092 | Lab      | Gained mutation: You have large cloven feet. [evolution]
 11814 | Lab      | Noticed a minotaur
 11818 | Lab      | Cast into level 3 of the Abyss (minotaur)
 11850 | Abyss:3  | Noticed a starcursed mass
 11926 | Abyss:3  | Noticed a tentacled starspawn
 11933 | Abyss:3  | Noticed a starcursed mass
 11950 | Abyss:3  | Noticed a sixfirhy
 11968 | Lab      | Escaped the Abyss
 11980 | Lab      | Killed a minotaur
 12273 | Lab      | Identified the Disquisition on Helpful Shape Shifting
 12289 | Lab      | Got a fine golden ring
 12293 | Lab      | Got a slimy granite ring
 12295 | Lab      | Identified the ring of Ixea {MP+9 Slay+3} (You found it in a labyrinth)
 12297 | Lab      | Identified the ring of Wila {rF++ MP+9 Dex+2} (You found it in a labyrinth)
 12311 | Lair:1   | Noticed an eight-headed hydra
 12321 | Lair:1   | Killed a three-headed hydra
 12321 | Lair:1   | Reached skill level 11 in Axes
 12321 | Lair:1   | Reached skill level 10 in Invocations
 13237 | Lair:1   | Reached skill level 12 in Axes
 13237 | Lair:1   | Reached skill level 10 in Armour
 13237 | Lair:1   | Reached XP level 13. HP: 98/98 MP: 22/22
 14425 | Lair:2   | Noticed Urug
 14444 | Lair:2   | Killed Urug
 14499 | Lair:2   | Reached skill level 13 in Axes
 14972 | Lair:2   | Noticed Nergalle
 14984 | Lair:2   | Killed Nergalle
 15006 | Lair:2   | Identified the +3 scale mail "Kelus" {+Fly rF+ rC+} (You found it on level 2 of the Lair of Beasts)
 15386 | Lair:3   | Found a frozen archway.
 15416 | IceCv    | Entered an ice cave
 15627 | IceCv    | Noticed a reaper
 15646 | IceCv    | Killed a reaper
 15649 | IceCv    | Reached ****** piety under Makhleb
 15653 | IceCv    | Reached XP level 14. HP: 98/105 MP: 23/23
 15953 | Lair:3   | Found a hole to the Spider Nest.
 16601 | Lair:3   | Reached skill level 14 in Axes
 16676 | Lair:4   | Noticed Sonja
 16680 | Lair:4   | Killed Sonja
 16837 | Lair:4   | Gained mutation: You possess an exceptional clarity of mind. [evolution]
 17269 | Lair:4   | Found a staircase to the Shoals.
 18634 | Lair:6   | Entered Level 6 of the Lair of Beasts
 18648 | Lair:6   | Reached XP level 15. HP: 110/110 MP: 26/26
 18683 | Lair:6   | Reached skill level 15 in Axes
 18806 | Lair:6   | Found a viscous altar of Jiyva.
 18806 | Lair:6   | Found a staircase to the Slime Pits.
 19537 | Lair:6   | Identified a scroll of acquirement
 19789 | Lair:6   | Reached skill level 15 in Armour
 20232 | D:11     | Noticed Harold
 20242 | D:11     | Killed Harold
 21393 | D:12     | Noticed Rupert
 21416 | D:12     | Killed Rupert
 21948 | D:12     | Reached XP level 16. HP: 59/117 MP: 28/28
 22219 | D:12     | Noticed Erolcha
 22224 | D:12     | Killed Erolcha
 22941 | D:13     | Reached skill level 16 in Axes
 23825 | D:14     | Reached skill level 10 in Shields
 23852 | D:14     | Found a gate to the Vaults.
 24677 | D:15     | Entered Level 15 of the Dungeon
 24677 | D:15     | Noticed Louise
 24695 | D:15     | Killed Louise
 25456 | D:15     | Gained mutation: Your mind is acute. (Int +2) [evolution]
 25495 | D:15     | Reached skill level 15 in Invocations
 25835 | D:15     | Found a shimmering altar of Xom.
 25887 | D:15     | Found a shimmering altar of Xom.
 25887 | D:15     | Found a shimmering altar of Xom.
 25888 | D:15     | Found a shimmering altar of Xom.
 25888 | D:15     | Found a shimmering altar of Xom.
 25888 | D:15     | Found a shimmering altar of Xom.
 25889 | D:15     | Found a shimmering altar of Xom.
 26171 | D:15     | Found a staircase to the Depths.
 26740 | Orc:1    | Entered Level 1 of the Orcish Mines
 26912 | Orc:2    | Entered Level 2 of the Orcish Mines
 26934 | Orc:2    | Noticed wazuzu's ghost (journeyman HaHu)
 27866 | Orc:2    | Killed wazuzu's ghost
 28219 | Orc:2    | Noticed Azrael
 28381 | Orc:2    | Reached XP level 17. HP: 122/122 MP: 31/31
 28416 | Orc:2    | Killed Azrael
 28495 | Orc:2    | Found a staircase to the Elven Halls.
 28736 | Orc:2    | Found Ighopp's Antique Armour Shoppe.
 28736 | Orc:2    | Found Tomeh's General Store.
 28738 | Orc:2    | Found Udghyitt's Weapon Shoppe.
 28738 | Orc:2    | Found Avvaitt's Distillery.
 28749 | Orc:2    | Bought a potion of mutation for 112 gold pieces
 28749 | Orc:2    | Bought 2 potions of might for 112 gold pieces
 28749 | Orc:2    | Bought a potion of mutation for 112 gold pieces
 28749 | Orc:2    | Bought a potion of cancellation for 112 gold pieces
 28749 | Orc:2    | Bought a potion of curing for 42 gold pieces
 28749 | Orc:2    | Bought a potion of heal wounds for 70 gold pieces
 28751 | Orc:2    | Bought a scroll of acquirement for 780 gold pieces
 28769 | Orc:2    | Got a polished crystal plate armour
 28780 | Orc:2    | Identified the +19 crystal plate armour "Kustrimoi" {Str+7} (You acquired it on level 2 of the Orcish Mines)
 29202 | Spider:1 | Entered Level 1 of the Spider Nest
 29664 | Spider:1 | Reached skill level 17 in Axes
 29692 | Spider:1 | Noticed Donald
 29711 | Spider:1 | HP: 6/122 [Donald/eveningstar of pain (32)]
 29711 | Spider:1 | Demolished by Donald

Vault maps used:
D:1:      dpeg_arrival_yet_another_circle, hangedman_decor_lopped,
          serial_park_tiny_2
D:2:      nicolae_overflow_crystal_walls, first_bread, kennysheep_slug_shrine,
          uniq_terence, uniq_sigmund, uniq_crazy_yiuf_cottage, uniq_robin
D:3:      overflow_temple_1_default, kennysheep_pointless_box, feat_on_display,
          uniq_natasha
D:4:      kennysheep_six_static_rooms, nicolae_overflow_hidden_temple,
          lemuel_coloured_pillars_altar, uniq_ijyb, uniq_grinder, uniq_edmund
D:5:      lightli_sewer_entry_pipes, uniq_menkaure
D:6:      tgw_fedhas, overflow_temple_1_default, basic_altar,
          kennysheep_generic_room_13
D:7:      old_forge, minmay_temple_entry_crystal_x, enter_bailey_2,
          serial_shops, nicolae_shop_behind_doors, serial_corexii_hall,
          corexii_hall_statues_x, corexii_hall_statues_x
D:8:      minmay_lair_entry_lava, serial_shops, shop_fountains
D:9:      david_orc_2, serial_shops, nicolae_shop_competitors_out_of_business,
          uniq_erica, uniq_joseph
D:10:     serial_shops, shop_fountains
D:11:     uniq_harold
D:12:     serial_bayou, serial_bayou_pond_e, serial_bayou_pond_b,
          serial_bayou_pond_d, serial_bayou_lake_a, serial_bayou_pond_c,
          uniq_erolcha, uniq_rupert
D:14:     hangedman_vaults_entry_quadrant_bands, grunt_ogre_cave
D:15:     grunt_enter_depths_hoard, eino_curves_03, nicolae_xom_altar_mimics,
          uniq_louise
Lair:1:   lab_entry_generic, nicolae_lair_grove_arrangements, grunt_megastairs_1
Lair:2:   lemuel_fruit_fields, uniq_urug, uniq_nergalle
Lair:3:   nicolae_spider_entry_non_spiders, portal_ice_cave_entry_pillars_1,
          minivault_26, minmay_lindwurm_lava
Lair:4:   elwin_shoals_entry_rocks, serial_bayou_shore_a,
          infiniplex_staircase_pool, uniq_sonja
Lair:5:   grunt_megastairs_2, lemuel_fruit_tree
Lair:6:   gammafunk_lair_ancient_temple, slime_altar_1, serial_bayou_lagoon_a,
          grunt_forest_small_clearing_treed
Spider:1: uniq_donald
Orc:1:    uniq_fannar
Orc:2:    grunt_orc_tribal_feast, nicolae_orc_damp_corner, uniq_azrael
Abyss:3:  grunt_abyss_rune_forest_and_sorcery
Lab:      labyrinth_watery, lab_block, nicolae_lab_x,
          labyrinth_skeletal_remains, lab_hedge, nicolae_lab_grate,
          nicolae_lab_very_dead_end
Sewer:    sewer_minmay_w
Bailey:   bailey_axe_2, bailey
IceCv:    ice_cave_small_demon

Skill      XL: |  1  2  3  4  5  6  7  8  9 10 11 12 13 14 15 16 17 |
---------------+----------------------------------------------------+-----
Armour         | 4 5 7 8 10 12 13 15 | 15.0
Fighting       | 4 5 7 8 |  8.3
Axes           | 3 4 6 8 10 12 13 14 15 16 17 | 17.0
Shields        | 4 5 6 7 8 11 | 11.9
Invocations    | 5 9 10 12 13 15 | 15.7
Evocations     | 5 7 |  7.0

Action                   |  1- 3 |  4- 6 |  7- 9 | 10-12 | 13-15 | 16-18 || total
-------------------------+-------+-------+-------+-------+-------+-------++-------
Melee: War axe           |   127 |   115 |   437 |   474 |   156 |       ||  1309
       Battleaxe         |       |       |       |     7 |       |       ||     7
       Scimitar          |       |       |       |    28 |    96 |       ||   124
       Kick              |       |       |       |    22 |   352 |   221 ||   595
       Executioner's axe |       |       |       |       |   580 |   642 ||  1222
Invok: Lesser Servant of |       |       |       |     5 |     5 |     9 ||    19
       Greater Servant o |       |       |       |       |     1 |       ||     1
 Abil: Dig               |     2 |     1 |    16 |    25 |    27 |     6 ||    77
Evoke: Wand              |       |       |     4 |       |    28 |    13 ||    45
       Sack of spiders   |       |       |       |       |       |     1 ||     1
  Use: Potion            |       |     1 |     7 |     2 |    16 |     7 ||    33
       Scroll            |       |       |    12 |     8 |    10 |     2 ||    32
 Stab: Distracted        |       |       |       |       |       |     3 ||     3
  Eat: Chunk             |       |     5 |    16 |    15 |    34 |    23 ||    93
       Bread ration      |       |       |       |     4 |       |     1 ||     5
Armor: Scale mail        |    59 |    60 |    31 |       |       |       ||   150
       Plate armour      |       |       |   175 |   304 |    54 |       ||   533
       Chain mail        |       |       |       |       |   526 |   346 ||   872
       Crystal plate arm |       |       |       |       |       |    61 ||    61
Dodge: Dodged            |    44 |    27 |   113 |   119 |   280 |   202 ||   785
Block: Shield            |    71 |    71 |   278 |   369 |   580 |   471 ||  1840
       Rpst.: Scimitar   |       |       |       |     1 |     6 |       ||     7
